 Dungeon Crawl Stone Soup version 0.23.2 (webtiles) character file.

Game seed: 2845321129098346086

1635 Fang the Skirmisher (level 8, -2/52 HPs)
             Began as a Gargoyle Berserker on Apr 10, 2019.
             Was a Priest of Trog.
             Slain by a killer bee (6 damage)
             ... on level 7 of the Dungeon on Apr 11, 2019.
             The game lasted 00:07:13 (5502 turns).

Fang the Skirmisher (Gargoyle Berserker)            Turns: 5502, Time: 00:07:13

Health: -2/52      AC: 18    Str: 24    XL:     8   Next: 98%
Magic:  8/8        EV: 10    Int:  7    God:    Trog [***...]
Gold:   159        SH:  0    Dex:  9    Spells: 7/7 levels left

rFire    . . .     SeeInvis .   a - +0 battleaxe
rCold    . . .     Gourm    .   (shield currently unavailable)
rNeg     + . .     Faith    .   b - +0 chain mail
rPois    ∞         Spirit   .   (no helmet)
rElec    +         Reflect  .   (no cloak)
rCorr    .         Harm     .   (no gloves)
MR       .....                  (no boots)
Stlth    ..........             (no amulet)
HPRegen  0.17/turn              r - +3 ring of protection
MPRegen  0.11/turn              (no ring)

@: berserk cooldown, slowed, very slow
A: negative energy resistance 1, electricity resistance, unbreathing,
petrification resistance, rot immunity, AC +5
a: Berserk, Trog's Hand, Renounce Religion


You were on level 7 of the Dungeon.
You worshipped Trog.
Trog was most pleased with you.
You were not hungry.

You visited 2 branches of the dungeon, and saw 8 of its levels.

You collected 159 gold pieces.

Inventory:

Hand Weapons
 a - a +0 battleaxe (weapon)
Armour
 b - a +0 chain mail (worn)
Jewellery
 r - a +3 ring of protection (left hand)
Wands
 k - a wand of random effects (19)
 p - a wand of iceblast (7)
 t - a wand of polymorph (2)
 z - a wand of paralysis (9)
Scrolls
 d - 3 scrolls of identify {unknown}
 e - 5 scrolls of remove curse {unknown}
 g - 2 scrolls of fear {unknown}
 i - 2 scrolls of immolation {unknown}
 l - 2 scrolls of enchant armour {unknown}
 m - 2 scrolls of teleportation {unknown}
 o - a scroll of noise {unknown}
 q - 2 scrolls of fog {unknown}
 s - a scroll of magic mapping {unknown}
 x - a scroll of silence {unknown}
 y - a scroll of enchant weapon {unknown}
Potions
 f - 5 potions of brilliance {unknown}
 h - 4 potions of heal wounds {unknown}
 j - 2 potions of magic {unknown}
 n - a potion of mutation {unknown}
 v - a potion of flight {unknown}
 w - 3 potions of curing {unknown}
Comestibles
 c - 9 rations


   Skills:
 + Level 6.9 Fighting
 + Level 5.6 Axes
 + Level 6.3 Armour
 + Level 4.8 Dodging


You had 7 spell levels left.
You didn't know any spells.
Your spell library was empty.

Dungeon Overview and Level Annotations

Branches:
Dungeon (7/15)             Temple (1/1) D:6

Altars:
Dithmenos
Makhleb
Vehumet
The Shining One


Innate Abilities, Weirdness & Mutations

You are resistant to torment.
Your stone body is resilient. (AC +5)
You are immune to poison.
You resist negative energy. (rN+)
You are resistant to electric shocks. (rElec)
You can survive without breathing.
You are immune to petrification.
You are immune to rotting.


Message History

You barely miss the killer bee. You closely miss the killer bee.
You miss the killer bee.
The killer bee stings you but does no damage.
The killer bee closely misses you.
The killer bee stings you but does no damage. x2
The killer bee stings you.
* * * LOW HITPOINT WARNING * * *
The killer bee stings you but does no damage.
You barely miss the killer bee. You closely miss the killer bee.
You miss the killer bee.
You are no longer berserk.
You are exhausted.
You feel yourself slow down. The killer bee barely misses you.
The killer bee stings you but does no damage. x3
The killer bee stings you.
* * * LOW HITPOINT WARNING * * *
You miss the killer bee. You slash the killer bee! You miss the killer bee.
The killer bee barely misses you. The killer bee closely misses you.
The killer bee stings you.
You die...

##......#..
##..(.......
#.........#
#.........#
##.........##
.##............
.............#
##.y@y...##
#....y....#
#...<.....#
#.........#
#.........#
#.........#
##.......##
##...?.##
#######


You could see 3 killer bees.

Vanquished Creatures
  Edmund (D:4)
  Duvessa (D:4)
  A necrophage (D:3)
  A phantom (D:4)
  An ogre (D:5)
  2 centaurs (D:6)
  Dowan (D:4)
  2 killer bees (D:7)
  A howler monkey (D:4)
  3 crimson imps
  3 hounds
  4 orc wizards
  3 orc priests
  3 jellies
  A centaur skeleton (D:4)
  Natasha (twice) (D:2)
  2 worker ants (D:6)
  A killer bee zombie (D:6)
  10 adders
  An ooze (D:1)
  2 worms (D:2)
  2 dart slugs (D:1)
  4 leopard geckos
  7 orcs
  A ball python (D:1)
  12 bats
  4 giant cockroaches
  10 goblins
  10 hobgoblins
  8 jackals (D:6)
  6 kobolds
  5 quokkas
  3 frilled lizards
  8 rats
126 creatures vanquished.

Notes
Turn   | Place    | Note
-------+----------+-------------------------------------------
     0 | D:1      | Fang the Gargoyle Berserker began the quest for the Orb.
     0 | D:1      | Reached XP level 1. HP: 14/14 MP: 1/1
   122 | D:1      | Reached XP level 2. HP: 19/19 MP: 2/2
   268 | D:1      | Reached XP level 3. HP: 20/23 MP: 3/3
  1053 | D:2      | Reached XP level 4. HP: 29/29 MP: 4/4
  1098 | D:2      | Reached ** piety under Trog
  1104 | D:2      | Found a radiant altar of Vehumet.
  1548 | D:2      | Found a burning altar of Makhleb.
  1592 | D:2      | Reached XP level 5. HP: 22/33 MP: 5/5
  1637 | D:2      | Noticed Natasha
  1646 | D:2      | Killed Natasha
  1730 | D:2      | Noticed Natasha
  1737 | D:2      | Killed Natasha
  2304 | D:3      | Noticed a necrophage
  2310 | D:3      | Killed a necrophage
  2310 | D:3      | Reached XP level 6. HP: 26/39 MP: 6/6
  2804 | D:3      | Reached skill level 5 in Fighting
  3083 | D:4      | Noticed a phantom
  3086 | D:4      | Reached XP level 7. HP: 44/44 MP: 7/7
  3161 | D:4      | Noticed Duvessa
  3162 | D:4      | Noticed Dowan
  3174 | D:4      | Killed Dowan
  3177 | D:4      | Killed Duvessa
  3508 | D:4      | Noticed Edmund
  3522 | D:4      | Killed Edmund
  3522 | D:4      | Reached skill level 5 in Armour
  3831 | D:5      | Entered Level 5 of the Dungeon
  3990 | D:5      | Reached XP level 8. HP: 31/51 MP: 8/8
  4435 | D:5      | Reached skill level 5 in Axes
  4980 | D:6      | Reached *** piety under Trog
  5299 | D:6      | Found a staircase to the Ecumenical Temple.
  5324 | Temple   | Entered the Ecumenical Temple
  5502 | D:7      | Slain by a killer bee

Skill      XL: |  1  2  3  4  5  6  7  8 |
---------------+-------------------------+-----
Dodging        | 2 3 4 |  4.8
Axes           | 3 4 5 |  5.6
Armour         | 3 4 5 6 |  6.3
Fighting       | 4 5 6 |  6.9

Action                   |  1- 3 |  4- 6 |  7- 9 || total
-------------------------+-------+-------+-------++-------
Melee: Hand axe          |    99 |   148 |       ||   247
       Battleaxe         |       |    68 |   172 ||   240
       Unarmed           |       |       |     4 ||     4
Invok: Berserk           |       |     2 |     6 ||     8
       Trog's Hand       |       |     1 |     1 ||     2
 Stab: Sleeping          |       |       |     1 ||     1
  Eat: Chunk             |       |    10 |    11 ||    21
       Ration            |       |       |     1 ||     1
Armor: Animal skin       |    54 |    80 |    53 ||   187
       Chain mail        |       |       |   134 ||   134
Dodge: Dodged            |    87 |   210 |   215 ||   512
